 Dungeon Crawl Stone Soup version 0.21-a0-110-g8e1637b (webtiles) character file.

1969 Ordine the Basher (level 9, -2/51 HPs)
             Began as a Gargoyle Fighter on July 8, 2017.
             Engulfed by a steam dragon's steam (8 damage)
             ... on level 7 of the Dungeon.
             The game lasted 00:16:48 (6204 turns).

Ordine the Basher (Gargoyle Fighter)                Turns: 6204, Time: 00:16:49

Health: -2/51      AC: 12    Str: 21    XL:     9   Next: 20%
Magic:  9/9        EV:  9    Int:  8    God:
Gold:   485        SH: 13    Dex: 17    Spells: 6/8 levels left

rFire    . . .     SeeInvis .   a - +0 flail
rCold    . . .     Gourm    .   c - +0 shield
rNeg     + . .     Faith    .   t - +0 ring mail (curse)
rPois    ∞         Spirit   .   (no helmet)
rElec    +         Reflect  +   (no cloak)
rCorr    +         Harm     .   j - +0 pair of gloves
MR       .....                  (no boots)
Stlth    +.........             m - +2 amulet of reflection
HPRegen  0.17/turn              z - ring of resist corrosion
MPRegen  0.11/turn              p - +5 ring of dexterity

@: no status effects
A: negative energy resistance 1, electricity resistance, unbreathing,
petrification resistance, rot immunity, AC +5
a: no special abilities


You were on level 7 of the Dungeon.
You were hungry.

You visited 2 branches of the dungeon, and saw 8 of its levels.

You collected 485 gold pieces.

Inventory:

Hand Weapons
 a - a +0 flail (weapon)
 k - the cursed +1 dagger of the Augurer {speed, rF+, unknown}
   (You found it on level 4 of the Dungeon)

   Attacks with this weapon are significantly faster.
   It protects you from fire.
   It has a curse placed upon it.
Armour
 c - a +0 shield (worn)
 d - a +2 chain mail of cold resistance
 j - a +0 pair of gloves (worn)
 t - a cursed +0 ring mail (worn)
 A - a +0 plate armour
Jewellery
 g - an uncursed amulet of magic regeneration {unknown}
 m - a +2 amulet of reflection (around neck)
 p - a +5 ring of dexterity (right hand)
 v - an uncursed amulet of guardian spirit {unknown}
 z - a ring of resist corrosion (left hand)
 C - an uncursed ring of protection from cold {unknown}
Scrolls
 l - 4 scrolls of amnesia
 q - a scroll of fog
 u - a scroll of blinking
 w - 3 scrolls of teleportation
 D - 2 scrolls of identify
Potions
 b - 2 potions of haste {unknown}
 e - 2 potions of cancellation
 i - 4 potions of curing
 o - 6 potions of brilliance
 s - a potion of lignification
 x - a potion of resistance {unknown}
 B - a potion of might
Books
 y - Zofi's Collected Works on Cloudy Augmentations
   (You found it on level 7 of the Dungeon)

   Spells                             Type                      Level
   a - Infusion                       Charms                       1
   b - Song of Slaying                Charms                       2
   c - Swiftness                      Charms/Air                   2
   d - Airstrike                      Air                          4
   e - Excruciating Wounds            Charms/Necromancy            5
   f - Deflect Missiles               Charms/Air                   6
Comestibles
 f - 6 bread rations
 h - 4 meat rations
 n - 6 fruits
 r - 3 royal jellies


   Skills:
 - Level 3.2 Fighting
 * Level 9.9 Maces & Flails
 - Level 3.2 Armour
 + Level 8.0 Shields


You had 6 spell levels left.
You knew the following spells:

 Your Spells              Type           Power        Failure   Level  Hunger
a - Blink                 Tloc           N/A          95%         2    ###....


Dungeon Overview and Level Annotations

Branches:
Dungeon (7/15)             Temple (1/1) D:6

Altars:
Ashenzari
Dithmenos
Elyvilon
Fedhas
Gozag
Hepliaklqana
Kikubaaqudgha
Nemelex Xobeh
Qazlal
Ru
Trog
Uskayaw
Vehumet
Wu Jian
Xom
Yredelemnul
Zin
The Shining One

Shops:
D:6 [


Innate Abilities, Weirdness & Mutations

You are resistant to torment.
Your stone body is resilient. (AC +5)
You are immune to poison.
You resist negative energy. (rN+)
You are resistant to electric shocks. (rElec)
You can survive without breathing.
You are immune to petrification.
You are immune to rotting.


Message History

Your shield and ring mail prevent you from hitting the steam dragon.
The steam dragon is severely wounded.
The steam dragon bites you. You block the steam dragon's attack.
You are too injured to fight recklessly!
You are too injured to fight recklessly!
You are too injured to fight recklessly!
You are too injured to fight recklessly!
You closely miss the steam dragon.
The steam dragon is severely wounded.
The steam dragon breathes steam at you. The ball of steam hits you!
* * * LOW HITPOINT WARNING * * *
You hit the steam dragon.
The steam dragon is almost dead.
You are engulfed in a cloud of scalding steam.
You block the steam dragon's attack. x2
You barely miss the steam dragon.
The steam dragon is almost dead.
You are engulfed in a cloud of scalding steam.
You die...

#.#..###.# ##...##
#........# ##.....##
####.#.### ##.......##
####....####.........#
...........+.....§...+
####....####...§§....#
#.#.## ##...§§..##
#.### ##.....## #..
##.@.## ##. ##D## .#
#.# .# #.# #.# ... ...
...


You could see a steam dragon.

Vanquished Creatures
  Duvessa (D:7)
  An orc warrior (D:7)
  A sky beast (D:6)
  A hornet zombie (D:7)
  An ice beast (D:6)
  2 phantoms
  2 centaurs
  2 bullfrogs
  Dowan (D:7)
  A wyvern skeleton (D:6)
  A scorpion (D:6)
  A howler monkey (D:4)
  3 crimson imps
  2 hounds
  A jelly (D:7)
  2 orc wizards (D:6)
  2 orc priests
  An iguana (D:6)
  2 worker ants (D:5)
  A howler monkey skeleton (D:7)
  A worker ant zombie (D:5)
  11 gnolls
  18 adders
  2 oozes
  An adder skeleton (D:6)
  A worm (D:2)
  6 dart slugs
  6 leopard geckos
  16 orcs
  3 ball pythons
  13 bats
  A giant cockroach (D:3)
  3 goblins
  8 hobgoblins
  6 jackals
  12 kobolds
  A quokka (D:4)
  7 frilled lizards
  A goblin zombie (D:4)
  2 hobgoblin zombies (D:4)
  5 kobold skeletons (D:4)
  A leopard gecko zombie (D:5)
  2 orc skeletons (D:4)
  2 orc zombies (D:4)
  6 rats
164 creatures vanquished.

Vanquished Creatures (collateral kills)
  A gnoll (D:6)
  2 orcs (D:6)
3 creatures vanquished.

Vanquished Creatures (others)
  An orc wizard (D:4)
1 creature vanquished.

Grand Total: 168 creatures vanquished

Notes
Turn   | Place    | Note
-------+----------+-------------------------------------------
     0 | D:1      | Ordine the Gargoyle Fighter began the quest for the Orb.
     0 | D:1      | Reached XP level 1. HP: 14/14 MP: 1/1
   115 | D:1      | Reached XP level 2. HP: 12/19 MP: 2/2
   422 | D:1      | Reached XP level 3. HP: 6/23 MP: 3/3
   424 | D:1      | Reached skill level 3 in Maces & Flails
   936 | D:2      | Reached XP level 4. HP: 27/28 MP: 4/4
   970 | D:2      | Found a basalt altar of Yredelemnul.
  1042 | D:2      | Found a white marble altar of Elyvilon.
  1323 | D:2      | Reached skill level 4 in Maces & Flails
  1739 | D:2      | Found a faded altar of an unknown god.
  1748 | D:2      | Reached XP level 5. HP: 30/32 MP: 5/5
  2525 | D:3      | Reached skill level 5 in Maces & Flails
  2623 | D:3      | Found an opulent altar of Gozag.
  2633 | D:3      | Found a shattered altar of Ashenzari.
  2727 | D:3      | Reached XP level 6. HP: 37/37 MP: 6/6
  2884 | D:4      | Found a glowing golden altar of the Shining One.
  2963 | D:4      | Noticed a phantom
  2972 | D:4      | Killed a phantom
  2972 | D:4      | Reached skill level 5 in Shields
  3012 | D:4      | Reached skill level 6 in Maces & Flails
  3269 | D:4      | Reached XP level 7. HP: 41/41 MP: 7/7
  3895 | D:4      | Got a brightly glowing dagger
  3948 | D:5      | Entered Level 5 of the Dungeon
  4179 | D:5      | Reached skill level 7 in Maces & Flails
  4671 | D:6      | Reached XP level 8. HP: 46/46 MP: 8/8
  4679 | D:6      | Found Aptoshreimi's Armour Boutique.
  4734 | D:6      | Reached skill level 8 in Maces & Flails
  4840 | D:6      | Learned a level 2 spell: Blink
  4976 | D:6      | Found a staircase to the Ecumenical Temple.
  4991 | Temple   | Entered the Ecumenical Temple
  5274 | D:6      | Found a sparkling altar of Nemelex Xobeh.
  5396 | D:7      | Noticed Dowan
  5397 | D:7      | Noticed Duvessa
  5406 | D:7      | Killed Duvessa
  5406 | D:7      | Reached skill level 9 in Maces & Flails
  5411 | D:7      | Killed Dowan
  5622 | D:7      | Identified Zofi's Collected Works on Cloudy Augmentations
  5785 | D:7      | Reached XP level 9. HP: 46/51 MP: 9/9
  6204 | D:7      | Engulfed by a steam dragon's steam

Vault maps used:
D:1:      minmay_arrival_widening_spiral_wide, grunt_decor_cap
D:2:      yredelemnul_altar_generic, lemuel_doored_altar,
          chequers_ecumenical_altar_simple, kennysheep_generic_room_13
D:3:      amethyst_overflow_temple_binary, eino_tiny_chamber
D:4:      nicolae_tso_besieged_by_evil, first_bread
D:6:      nicolae_overflow_hidden_temple, minmay_temple_entry_crystal_x,
          serial_shops, shop
D:7:      uniq_duvessa
Temple:   nicolae_temple_hex_pool

Skill      XL: |  1  2  3  4  5  6  7  8  9 |
---------------+----------------------------+-----
Maces & Flails | 3 4 5 6 7 9 |  9.9
Shields        | 4 5 6 7 8 |  8.0
Fighting       | |  3.2
Armour         | |  3.2

Action                   |  1- 3 |  4- 6 |  7- 9 || total
-------------------------+-------+-------+-------++-------
Melee: Flail             |   119 |   354 |   372 ||   845
  Use: Scroll            |     4 |     4 |     8 ||    16
       Potion            |       |       |     4 ||     4
  Eat: Chunk             |       |     9 |     9 ||    18
Armor: Scale mail        |   102 |   182 |    96 ||   380
       Chain mail        |       |       |    37 ||    37
       Plate armour      |       |       |    24 ||    24
       Ring mail         |       |       |     7 ||     7
       Skin              |       |       |     4 ||     4
Dodge: Dodged            |    46 |   102 |    70 ||   218
Block: Shield            |    91 |   230 |   208 ||   529
       Reflection        |       |     1 |     6 ||     7
